 Dungeon Crawl Stone Soup version 0.27.1 (webtiles) character file.

Game seed: 15678834567908984197

4 Malachi the Skirmisher (level 1, -1/31 HPs)
             Began as a Naga Berserker on Aug 24, 2021.
             Was a Follower of Trog.
             Slain by a quokka (2 damage)
             ... on level 1 of the Dungeon.
             The game lasted 00:00:11 (109 turns).

Malachi the Skirmisher (Naga Berserker)              Turns: 109, Time: 00:00:12

Health: -1/31      AC:  1    Str: 19    XL:     1   Next: 60%
Magic:  1/1        EV:  9    Int:  7    God:    Trog [*.....]
Gold:   12         SH:  0    Dex: 10    Spells: 0/0 levels left

rFire    . . .     SeeInvis +   a - +0 hand axe
rCold    . . .     Faith    .   (no shield)
rNeg     . . .     Spirit   .   b - +0 animal skin
rPois    +         Reflect  .   (no helmet)
rElec    .         Harm     .   (no cloak)
rCorr    .         Rampage  .   (no gloves)
Will     .....                  (no barding)
Stlth    ..........             (no amulet)
HPRegen  0.10/turn              (no ring)
MPRegen  0.07/turn              (no ring)

@: berserking, quick
A: AC +0, large, see invisible, deformed body, poison resistance, slowness 2,
spit poison 1, naga tail 1
a: Spit Poison, Renounce Religion, Berserk


You were on level 1 of the Dungeon.
You worshipped Trog.
Trog was aware of your devotion.
You visited 1 branch of the dungeon, and saw 1 of its levels.

You collected 12 gold pieces.

Inventory:

Hand Weapons
 a - a +0 hand axe (weapon)
Armour
 b - a +0 animal skin (worn)


   Skills:
 + Level 3.1 Fighting
 + Level 3.1 Axes
 + Level 1.6 Armour
 + Level 1.6 Dodging


You couldn't memorise any spells.
You didn't know any spells.
Your spell library was empty.

Dungeon Overview and Level Annotations

Branches:
Dungeon (1/15)

Altars:


Innate Abilities, Weirdness & Mutations

Your serpentine skin is tough. (AC +0)
You have supernaturally acute eyesight. (SInv)
Armour fits poorly on your strangely shaped body.
Your system is resistant to poisons. (rPois)
You cover ground very slowly.
You can spit poison.
You have a snake-like lower body.


Message History

Found a scroll labelled LASTEU BORPHAO.
A kobold comes into view. It is wielding a +0 short sword.
The kobold shouts!
A quokka comes into view.
You see here a scroll labelled LASTEU BORPHAO.
There are monsters nearby!
An endoplasm comes into view.
The kobold throws a stone.
The stone hits you. The kobold closely misses you. x2
You hit the endoplasm.
The endoplasm is moderately wounded.
You hit the kobold. The endoplasm freezes you.
You are frozen.
The kobold hits you with a +0 short sword.
The endoplasm freezes you.
You are frozen.
A red film seems to cover your vision as you go berserk!
You feel yourself moving faster!
You feel mighty!
The kobold hits you with a +0 short sword.
* * * LOW HITPOINT WARNING * * *
The endoplasm closely misses you.
You are too injured to fight recklessly!
You are too injured to fight recklessly!
You are too injured to fight recklessly!
You slash the endoplasm!
You kill the endoplasm!
Trog accepts your kill.
You hit the kobold.
You kill the kobold!
Trog accepts your kill.
The quokka bites you but does no damage.
You hit the quokka.
The quokka is moderately wounded.
The quokka bites you.
* * * LOW HITPOINT WARNING * * *
You barely miss the quokka.
The quokka is moderately wounded.
The quokka bites you.
You die...

..................#
................#+#+###
......#...............#
......#.###.#.#.......#
.........#(.###.......##
....†...###.#?#.........
..................[.....
........#(#.###.........
........###.$#..@r...##
........# #.###.).......
........................
.........###+#..........
.......... ...........
#......... ............
#....... .............
..............


You could see a quokka.

Vanquished Creatures
  An endoplasm (D:1)
  A giant cockroach (D:1)
  A frilled lizard (D:1)
  A kobold (D:1)
4 creatures vanquished.

Notes
Turn   | Place    | Note
-------+----------+-------------------------------------------
     0 | D:1      | Malachi the Naga Berserker began the quest for the Orb.
     0 | D:1      | Reached XP level 1. HP: 21/21 MP: 1/1
   108 | D:1      | HP: 1/31 [quokka (5)]
   109 | D:1      | Slain by a quokka

Illustrated notes

Levels and vault maps discovered:
D:1:      saegor_arrival_simple_a, layout_basic,
          hellmonk_ecumenical_altar_run_dry, minmay_heptomino_h4

Action                   || total
-------------------------++-------
Melee: Hand axe          ||    15
Invok: Berserk           ||     1
Armor: Animal skin       ||     2
Dodge: Dodged            ||     9
